 Dungeon Crawl Stone Soup version 0.26-a0-520-g952f204493 (webtiles) character file.

Game seed: 15288438716658742583

32 ANON1729 the Sneak (level 3, -1/31 HPs)
             Began as a Palentonga Delver on Aug 12, 2020.
             Killed from afar by a white imp (8 damage)
             ... with a puff of frost
             ... on level 5 of the Dungeon.
             The game lasted 00:00:49 (332 turns).

ANON1729 the Sneak (Palentonga Delver)               Turns: 332, Time: 00:00:50

Health: -1/31      AC:  4    Str: 16    XL:     3   Next: 10%
Magic:  3/3        EV: 10    Int: 10    God:
Gold:   28         SH:  0    Dex: 11    Spells: 2/2 levels left

rFire    . . .     SeeInvis +   a - +0 mace
rCold    . . .     Faith    .   (no shield)
rNeg     . . .     Spirit   .   b - +0 leather armour
rPois    .         Reflect  .   (no helmet)
rElec    .         Harm     .   (no cloak)
rCorr    .                      (no gloves)
MR       .....                  (boots restricted)
Stlth    ++........             (no amulet)
HPRegen  0.10/turn              (no ring)
MPRegen  0.08/turn              (no ring)

@: no status effects
A: large, rugged brown scales 3, see invisible, deformed body, roll, armoured
tail
a: Rolling Charge


You were on level 5 of the Dungeon.
You visited 1 branch of the dungeon, and saw 1 of its levels.

You collected 28 gold pieces.

Inventory:

Hand Weapons
 a - a +0 mace (weapon)
Armour
 b - a +0 leather armour (worn)
Wands
 g - a wand of digging (3)
 h - a wand of enslavement (4)
Scrolls
 c - a scroll of fog
 d - a scroll of magic mapping
 e - a scroll of fear
Potions
 f - a potion of haste


   Skills:
 + Level 3.3 Fighting
 + Level 2.4 Maces & Flails
 + Level 2.0 Dodging
 + Level 3.5 Stealth


You had 2 spell levels left.
You didn't know any spells.
Your spell library was empty.

Dungeon Overview and Level Annotations

Branches:
Dungeon (5/15)
 Temple: D:4-7

Altars:


Innate Abilities, Weirdness & Mutations

You are completely covered in rugged brown scales. (AC +3, +7% HP)
You have supernaturally acute eyesight. (SInv)
Armour fits poorly on your strangely shaped body.
You can roll at foes to attack.
You have a long armoured tail.


Message History

Gang up on whom?
Press: ? - help, Dir - move target cursor, f - ufetubus, p - white imp
Aim: an ufetubus Attack!
Your white imp misses the ufetubus.
The ufetubus barely misses your white imp. x2
The ufetubus hits your white imp. x2; Your white imp misses the ufetubus.
The ufetubus hits your white imp but does no damage.
The ufetubus closely misses your white imp.
Your white imp barely misses the ufetubus.
The ufetubus hits your white imp.
The ufetubus hits your white imp but does no damage.
The ufetubus barely misses your white imp.
The ufetubus hits your white imp.
Your white imp hits the ufetubus.
Your white imp freezes the ufetubus.
The ufetubus resists.
A white imp opens the door.
The ufetubus hits your white imp.
The ufetubus barely misses your white imp.
You feel a bit more experienced. The white imp gestures at you.
The puff of frost hits you!
You die...

########.........
.........#######.
########.##....#
#.##....# ####
#.##....# #..
##.......#+#.#
#............#
#............#
##.........@..#
#.........#'#.#
#.........#5#.#
#.........#.#5#
#.........#.#5#
###
#.........#.#.#
....
....#####'#.#.# #
####
###.#.........#...
# # #....(......#


You could see a white imp.

Vanquished Creatures
  A bullfrog skeleton (D:5)
  A giant cockroach (D:5)
2 creatures vanquished.

Vanquished Creatures (collateral kills)
  An ufetubus (D:5)
1 creature vanquished.

Vanquished Creatures (others)
  A shadow imp (D:5)
1 creature vanquished.

Grand Total: 4 creatures vanquished

Notes
Turn   | Place    | Note
-------+----------+-------------------------------------------
     0 | D:5      | ANON1729 the Palentonga Delver began the quest for the Orb.
     0 | D:5      | Reached XP level 1. HP: 19/19 MP: 1/1
    36 | D:5      | Reached XP level 2. HP: 8/25 MP: 2/2
    36 | D:5      | Reached XP level 3. HP: 10/31 MP: 3/3
   332 | D:5      | Killed from afar by a white imp

Illustrated notes

Levels and vault maps discovered:
D:5:      layout_basic

Skill      XL: |  1 |
---------------+----+-----
Dodging        | 2 |  2.0
Fighting       | |  3.3
Maces & Flails | |  2.4
Stealth        | |  3.5

Action                   || total
-------------------------++-------
Melee: Mace              ||    15
       Tailslap          ||     2
Evoke: Wand              ||     3
Armor: Leather armour    ||     7
Dodge: Dodged            ||    17

Table legend: (Time is in decaauts)
 A = Elapsed time spent in this place.
 B = Non-inter-level travel time spent in this place.
 C = Inter-level travel time spent in this place.
 D = Time resting spent in this place.
 E = Time spent auto-exploring this place.
 F = Levels seen in this place.
 G = Mean time per level.
                   A        B        C        D        E       F      G
               +--------+--------+--------+--------+--------+-----+--------+
         Total |    336 |    336 |      0 |    207 |     77 |   1 |  336.0 |
       Dungeon |    336 |    336 |      0 |    207 |     77 |   1 |  336.0 |
               +--------+--------+--------+--------+--------+-----+--------+

Top non-repeatable levels by time:
     D:5: 336 daAuts
